 Dungeon Crawl Stone Soup version 0.18.1-47-g9310371 (webtiles) character file.

285 Gagarin the Sneak (level 6, -7/38 HPs)
             Began as an Octopode Conjurer on June 15, 2016.
             Killed from afar by an orc wizard (8 damage)
             ... with a magic dart
             ... on level 4 of the Dungeon.
             The game lasted 00:12:25 (2962 turns).

Gagarin the Sneak (Octopode Conjurer)               Turns: 2962, Time: 00:12:28

Health: -7/38      AC:  1    Str:  7    XL:     6   Next: 29%
Magic:  3/9        EV: 13    Int: 18    God:
Gold:   175        SH:  0    Dex: 14    Spells: 3 memorised, 3 levels left

rFire  . . .     SeeInvis .     e - +0 short sword
rCold  + . .     Gourm    .     (no shield)
rNeg   . . .     Faith    .     (helmet restricted)
rPois  .         Spirit   .     (no amulet)
rElec  .         Dismiss  .     j - ring of protection from cold
rCorr  .         Reflect  .     (no ring)
SustAt .         Harm     .     (no ring)
MR     .....                    (no ring)
Stlth  ++++......               (no ring)
                                (no ring)
                                (no ring)
                                (no ring)

@: very slightly contaminated, not resistant to hostile enchantments, stealthy
A: almost no armour, amphibious, 8 rings, constrict 8, camouflage 1, gelatinous
body 1
a: no special abilities


You were on level 4 of the Dungeon.
You were hungry.

You visited 1 branch of the dungeon, and saw 4 of its levels.
You also visited: Sewer.

You collected 175 gold pieces.

Inventory:

Hand Weapons
 e - a +0 short sword (weapon)
 i - a +0 arbalest
 r - a +0 blowgun
Missiles
 l - 24 bolts
 q - 2 throwing nets (quivered)
 s - 11 poisoned needles
Jewellery
 j - a ring of protection from cold (left tentacle)
Scrolls
 c - a scroll of blinking {unknown}
 d - 2 scrolls of fog {unknown}
 k - a scroll of recharging {unknown}
 m - 2 scrolls of remove curse
 o - 2 scrolls of teleportation {unknown}
 p - 2 scrolls of identify
 v - 2 scrolls of magic mapping {unknown}
Potions
 t - 2 potions of agility {unknown}
Books
 a - a book of Conjurations

   Spells                             Type                      Level
   a - Magic Dart                     Conjuration                  1
   b - Searing Ray                    Conjuration                  2
   c - Dazzling Spray                 Conjuration/Hexes            3
   d - Fulminant Prism                Conjuration/Hexes            4
   e - Iskenderun's Mystic Blast      Conjuration                  4
   f - Iskenderun's Battlesphere      Conjuration/Charms           5
Comestibles
 b - 3 bread rations
 f - 3 fruits
 h - a beef jerky
 n - a meat ration


   Skills:
 + Level 1.1 Fighting
 + Level 1.1 Short Blades
 + Level 1.1 Crossbows
 + Level 3.1 Dodging
 + Level 5.6 Stealth
 + Level 0.2 Unarmed Combat
 + Level 2.3 Spellcasting
 + Level 5.1 Conjurations


You had 3 spell levels left.
You knew the following spells:

 Your Spells              Type           Power        Failure   Level  Hunger
a - Magic Dart            Conj           ###.         1%          1    #......
b - Searing Ray           Conj           ###...       3%          2    ##.....
c - Dazzling Spray        Conj/Hex       ##....       21%         3    ###....


Dungeon Overview and Level Annotations

Branches:
Dungeon (4/15)
 Temple: D:4-7

Altars:
Kikubaaqudgha


Innate Abilities, Weirdness & Mutations

You cannot wear most types of armour.
You are amphibious.
You can wear up to eight rings at the same time.
You can use your tentacles to constrict eight enemies at once.
Your skin changes colour to match your surroundings (Stealth).
Your rubbery body absorbs attacks (AC +1).


Message History

* * * LOW HITPOINT WARNING * * *
Casting: Dazzling Spray
Confirm with . or Enter, or press ? or * to list all spells.
Aiming: Searing Ray
Press: ? - help, Shift-Dir - straight line, f/p - orc wizard
Aim: an orc wizard, wielding a dagger and wearing a robe (fast)
The searing ray misses the orc wizard.
The orc wizard hits you with a dagger.
* * * LOW HITPOINT WARNING * * *
The orc wizard hits you with a dagger.
* * * LOW HITPOINT WARNING * * *
The searing ray hits the orc wizard.
The orc wizard is lightly wounded.
The orc wizard hits you but does no damage.
The searing ray hits the orc wizard.
The orc wizard is heavily wounded.
The orc wizard hits you with a dagger.
* * * LOW HITPOINT WARNING * * *
The orc wizard casts a spell at you. The magic dart hits you!
You die...

......
##...o
..... .§.
#.#########
#)...†o...#
#########.#
#o# #@# #.#
#.# #.# #.#
#.#
##########
#.#
.........#
#.#
########.#
#.#


You could see an orc wizard.

Vanquished Creatures
  Purgy (Sewer)
  An orc priest (D:4)
  6 adders
  An ooze (D:2)
  3 worms
  A dart slug (D:3)
  4 giant geckos
  8 orcs
  2 ball pythons
  7 bats
  6 giant cockroaches
  10 goblins
  6 hobgoblins
  3 jackals (D:2)
  11 kobolds
  A quokka (D:3)
  5 giant newts
  3 rats
79 creatures vanquished.

Vanquished Creatures (others)
  A human (D:3)
1 creature vanquished.

Grand Total: 80 creatures vanquished

Notes
Turn   | Place    | Note
--------------------------------------------------------------
     0 | D:1      | Gagarin the Octopode Conjurer began the quest for the Orb.
     0 | D:1      | Reached XP level 1. HP: 11/11 MP: 3/3
   266 | D:1      | Reached XP level 2. HP: 7/17 MP: 1/5
   592 | D:1      | Learned a level 2 spell: Searing Ray
  1161 | D:2      | Reached XP level 3. HP: 21/21 MP: 3/6
  1489 | D:2      | Reached XP level 4. HP: 23/27 MP: 3/7
  1879 | D:3      | Reached skill level 5 in Conjurations
  1879 | D:3      | Reached XP level 5. HP: 22/32 MP: 3/8
  1915 | D:3      | Found a glowing drain.
  1951 | Sewer    | Entered a sewer
  2210 | Sewer    | Noticed Purgy
  2285 | Sewer    | Killed Purgy
  2285 | Sewer    | Reached skill level 1 in Fighting
  2285 | Sewer    | Reached skill level 1 in Crossbows
  2285 | Sewer    | Reached skill level 5 in Stealth
  2285 | Sewer    | Reached XP level 6. HP: 27/38 MP: 3/9
  2381 | Sewer    | Learned a level 3 spell: Dazzling Spray
  2561 | D:3      | Found an ancient bone altar of Kikubaaqudgha.
  2562 | D:3      | Noticed a human
  2564 | D:3      | Killed a human
  2945 | D:4      | Reached skill level 1 in Short Blades
  2962 | D:4      | HP: 1/38 [orc wizard/dagger (3)]
  2962 | D:4      | Killed from afar by an orc wizard

Skill      XL: |  1  2  3  4  5  6 |
---------------+-------------------+-----
Stealth        | 3 4 5 |  5.6
Conjurations   | 5 |  5.1
Fighting       | 1 |  1.1
Crossbows      | 1 |  1.1
Short Blades   | 1 |  1.1
Dodging        | 3 |  3.1
Unarmed Combat | |  0.2
Spellcasting   | |  2.3

Action                   |  1- 3 |  4- 6 || total
-------------------------+-------+-------++-------
Melee: Unarmed           |    16 |       ||    16
       Short sword       |    26 |    38 ||    64
       Constrict         |     9 |     7 ||    16
       Tentacles         |       |     5 ||     5
 Fire: Arbalest          |       |    12 ||    12
 Cast: Magic Dart        |    26 |    14 ||    40
       Searing Ray       |     3 |     9 ||    12
       Dazzling Spray    |       |     2 ||     2
  Use: Scroll            |     4 |       ||     4
       Potion            |       |     1 ||     1
 Stab: Sleeping          |    11 |     8 ||    19
  Eat: Chunk             |     2 |     5 ||     7
Armor: Skin              |     2 |     9 ||    11
Dodge: Dodged            |    20 |    39 ||    59
